 Dungeon Sprint DCSS version 0.19-a0-376-gf780d9b (webtiles) character file.

357652 TopsideChimera the Heavyweight Champion (level 20, 0/256 HPs)
             Began as a Troll Fighter on May 30, 2016.
             Was the Champion of Cheibriados.
             Slain by a vampire knight
             ... wielding a +0 war axe
              (23 damage)
             ... in the Dungeon (Sprint IX: "|||||||||||||||||||||||||||||").
             The game lasted 00:49:49 (5304 turns).

TopsideChimera the Heavyweight Champion (TrFi)      Turns: 5304, Time: 00:49:50

Health: 0/256      AC: 32    Str: 45    XL:     20   Next: 17%
Magic:  29/29      EV: 29    Int: 19    God:    Cheibriados [******]
Gold:   192        SH: 32    Dex: 27    Spells: 0 memorised, 19 levels left

rFire  + . .     SeeInvis .       - Unarmed
rCold  + + .     Gourm    +     p - +3 gold dragon armour
rNeg   . . .     Faith    .     A - +2 large shield {reflect}
rPois  +         Spirit   .     (helmet restricted)
rElec  .         Dismiss  .     y - +2 cloak
rCorr  .         Reflect  +     (gloves unavailable)
SustAt .         Harm     .     (boots unavailable)
MR     +....     NoTele   +     (no amulet)
Stlth  ..........               B - +4 ring of protection
                                C - ring of protection from cold

@: drained, very slow, somewhat resistant to hostile enchantments, extremely
unstealthy
A: unfitting armour, claws 3, blurry vision 1, clumsy 1, deformed body, fast
metabolism 3, gourmand, regeneration 2, shaggy fur 1, tough skin 2, no device
heal 1
a: Bend Time, Temporal Distortion, Slouch, Step From Time, Renounce Religion
}: 5/15 runes: decaying, serpentine, barnacled, silver, gossamer


You were in the Dungeon.
You worshipped Cheibriados.
Cheibriados was exalted by your worship.
You were very full.

You visited 1 branch You collected 1947 gold pieces.
You spent 1755 gold pieces at shops.

Inventory:

Armour
 p - a +3 gold dragon armour (worn)
 r - a +0 large shield of positive energy
 y - a +2 cloak (worn)
 A - a +2 large shield of reflection (worn)
Jewellery
 q - an uncursed ring of protection from magic
 w - an uncursed ring of fire
 B - a +4 ring of protection (right claw)
 C - a ring of protection from cold (left claw)
 D - the ring "Tyisimmu" {rN+ MP+9 Str-4 Int+6 Dex+2}
   (You found it in the Dungeon)

   [ring of dexterity]

   It affects your strength (-4).
   It affects your intelligence (+6).
   It affects your dexterity (+2).
   It protects you from negative energy.
   It affects your magic capacity (+9).
 E - an uncursed ring of protection from magic
 F - an uncursed ring of protection from fire
 I - a +4 ring of protection
 S - the ring of Mirth {rF+ Str+2}
   (You found it in the Dungeon)

   [ring of strength]

   It affects your strength (+2).
   It protects you from fire.
 T - the ring of Laopp {rElec rN+ MR+ MP-9 EV+3}
   (You found it in the Dungeon)

   [ring of evasion]

   It affects your evasion (+3).
   It insulates you from electricity.
   It protects you from negative energy.
   It affects your resistance to hostile enchantments.
   It affects your magic capacity (-9).
Wands
 a - a wand of lightning (4/15)
 o - a wand of lightning (1/15)
Scrolls
 j - 7 scrolls of blinking
 m - 4 scrolls of remove curse
 n - 2 scrolls of amnesia
 t - 4 scrolls of fog
 u - 3 scrolls of fear
 M - 4 scrolls of enchant weapon
 N - 3 scrolls of identify
 R - 2 scrolls of recharging
Potions
 c - 3 potions of might
 e - 6 potions of curing
 f - a potion of invisibility
 g - 3 potions of haste
 h - 4 potions of magic
 i - 2 potions of berserk rage
 k - 8 potions of agility
 l - a potion of heal wounds
 G - a potion of resistance
 H - a potion of flight {unknown}
 K - 2 potions of cancellation
 P - 2 potions of brilliance
Miscellaneous
 J - a phantom mirror
Comestibles
 d - 14 bread rations
 x - 40 fruits
 z - 12 meat rations


   Skills:
 O Level 27(26.3) Fighting
 + Level 24.3(23.7) Armour
 + Level 26.5(25.8) Dodging
 + Level 24.6(23.9) Shields
 O Level 27(26.3) Unarmed Combat
 - Level 14.2(13.7) Invocations
 - Level 13.5(13.0) Evocations


You had 19 spell levels left.
You didn't know any spells.

Dungeon Overview and Level Annotations

Branches:
Dungeon (1/1)

Altars:
Cheibriados
Dithmenos
Elyvilon
Fedhas
Gozag
Hepliaklqana
Kikubaaqudgha
Makhleb
Nemelex Xobeh
Okawaru
Pakellas
Qazlal
Ru
Sif Muna
Trog
Ukayaw
Vehumet
Xom
Yredelemnul
Zin
The Shining One
Beogh
Jiyva
Lugonu

Shops:
D =([[


Innate Abilities, Weirdness & Mutations

You are too large for most types of armour.
You have claws for hands.
Your metabolism is lightning-fast.
You like to eat raw meat.
You heal very quickly.
You are covered in fur. (AC +1)
You have very tough skin. (AC +2)
Scrolls take you a little longer to read.
You are clumsy. (Dex -2)
Armour fits poorly on your strangely shaped body.
Potions and wands are less effective at restoring your health.


Message History

* * * LOW HITPOINT WARNING * * *
You hear some strange, mumbled words.
You shrug off the repeated paralysis!
The Tzitzimitl gestures at you.
The bolt of negative energy hits something.
Helpless, you fail to dodge the bolt of negative energy.
You feel drained.
The bolt of negative energy hits something.
You hear some strange, mumbled words.
Something tries to affect you, but you resist.
Something completely misses you. Something bites you but does no damage.
Something hits you but does no damage. Something bites you but does no damage.
Something hits you.
* * * LOW HITPOINT WARNING * * *
Something bites you.
* * * LOW HITPOINT WARNING * * *
Something hits you but does no damage. Something bites you but does no damage.
You can move again.
You feel much better. Something hits you!!
You die...

)▓.▓=▓.▓.▓.▓.▓.▓
)▓.▓.▓.▓.▓.▓.▓.▓.▓
.▓.▓.▓.▓.▓.▓'▓.▓.▓
.▓.▓.▓.▓.▓.▓.▓.▓{▓
.▓.▓'▓.▓.▓.▓.▓.▓1▓
.▓.▓.▓.▓.▓.▓.▓.▓.▓
.▓.▓.▓.▓[▓.▓.▓.▓1▓
.▓.▓.▓.▓.▓.▓.▓.▓{▓
.▓.▓.▓.▓'▓.▓.▓.▓@▓
.▓.▓.▓.▓.▓.▓.▓.▓{▓
.▓.▓.▓.▓.▓.▓.▓.▓.▓
.▓...▓...▓...▓...▓
▓▓▓▓▓▓▓▓▓▓▓▓▓▓▓▓▓▓


You could see a Tzitzimitl and a Brimstone Fiend.

Vanquished Creatures
  3 orbs of fire (D)
  Mara (D)
  7 ancient liches (D)
  Boris (D)
  Margery (D)
  Frederick (D)
  2 Killer Klowns (D)
  A curse toe (D)
  3 golden dragons (D)
  Nikola (D)
  Xtahua (D)
  3 tentacled monstrosities (D)
  2 electric golems (D)
  27 Orb Guardians (D)
  4 titans (D)
  Kirke (D)
  4 death cobs (D)
  6 shadow dragons (D)
  Wiglaf (D)
  3 storm dragons (D)
  7 greater nagas (D)
  Ilsuiw (D)
  Donald (D)
  A fire giant (D)
  2 ghost moths (D)
  A draconian scorcher (D)
  4 emperor scorpions (D)
  Aizul (D)
  A draconian knight (D)
  Louise (D)
  2 draconian zealots (D)
  3 very ugly things (D)
  A draconian shifter (D)
  A draconian annihilator (D)
  3 stone giants (D)
  2 draconian callers (D)
  3 vampire knights (D)
  3 green draconians (D)
  2 black draconians (D)
  2 yellow draconians (D)
  3 purple draconians (D)
  2 mottled draconians (D)
  2 spark wasps (D)
  4 red draconians (D)
  3 ettins (D)
  25 vault guards (D)
  3 merfolk impalers (D)
  4 merfolk javelineers (D)
  7 fire dragons (D)
  2 entropy weavers (D)
  3 yaktaur captains (D)
  7 ogre magi (D)
  Erolcha (D)
  A rakshasa (D)
  10 ice dragons (D)
  A naga warrior (D)
  2 merfolk avatars (D)
  5 hydras (D)
  A centaur warrior (D)
  A spriggan air mage (D)
  Erica (D)
  An alligator (D)
  A tengu warrior (D)
  A merfolk aquamancer (D)
  3 deep troll earth magi (D)
  2 deep elf knights (D)
  A spriggan berserker (D)
  An orc high priest (D)
  4 hell knights (D)
  2 shock serpents (D)
  4 deep trolls (D)
  A giant orange brain (D)
  A deep troll (shapeshifter) (D)
  An unseen horror (D)
  3 ironbrand convokers (D)
  5 hill giants (D)
  A deep elf archer (D)
  6 swamp dragons (D)
  2 orc knights (D)
  2 ugly things (D)
  A cyclops (D)
  A deep elf mage (D)
  2 necromancers (D)
  A mana viper (D)
  An orb spider (D)
  5 wolf spiders (D)
  A griffon (D)
  4 moths of wrath (D)
  A vault sentinel (D)
  2 sirens (D)
  A water nymph (shapeshifter) (D)
  2 naga magi (D)
  6 black mambas (D)
  8 elephants (D)
  2 guardian serpents (D)
  A water nymph (D)
  A kobold demonologist (D)
  3 spiny frogs (D)
  4 yaktaurs (D)
  2 komodo dragons (D)
  A freezing wraith (D)
  A demonic crawler (D)
  A guardian mummy (D)
  4 trolls (D)
  A giant leech (D)
  A yaktaur (shapeshifter) (D)
  A polar bear (D)
  A slime creature (D)
  3 jumping spiders (D)
  3 merfolk (D)
  A bog body (D)
  A boulder beetle (D)
  4 redbacks (D)
  A shadow (D)
  A water elemental (D)
  2 tarantellas (D)
  3 yaks (D)
  A vampire (D)
  A basilisk (D)
  2 humans (D)
  Eustachio (D)
  A hippogriff (D)
  A mottled dragon (D)
  2 vampire mosquitoes (D)
  A naga (D)
  A water moccasin (D)
  A giant eyeball (D)
  3 porcupines (D)
  An ice beast (D)
  6 swamp drakes (D)
  11 orc warriors (D)
  A boggart (D)
  A phantom (D)
  An ogre (D)
  3 centaurs (D)
  4 giant frogs (D)
  A howler monkey (D)
  2 jellies (D)
  2 orc priests (D)
  4 orc wizards (D)
  3 iguanas (D)
  A worker ant (D)
  2 river rats (D)
  2 shadow imps (D)
  An adder skeleton (D)
  A worm (D)
  7 orcs (D)
  A bat skeleton (D)
  A giant cockroach (D)
  A goblin (D)
  A hobgoblin (D)
  2 kobolds (D)
  A quokka (D)
  A giant cockroach zombie (D)
  A giant gecko simulacrum (D)
  A jackal zombie (D)
403 creatures vanquished.

Vanquished Creatures (others)
  A vampire knight (D)
  A white draconian (D)
  2 merfolk javelineers (D)
  A satyr (D)
  A yaktaur (D)
  A vampire mosquito (D)
7 creatures vanquished.

Grand Total: 410 creatures vanquished

Notes
Turn   | Place    | Note
--------------------------------------------------------------
     0 | D        | TopsideChimera the Troll Fighter began the quest for the Orb.
     0 | D        | Reached XP level 1. HP: 22/22 MP: 0/0
    40 | D        | Noticed a jelly
    40 | D        | Noticed an iguana
    40 | D        | Noticed a worker ant
    46 | D        | Killed a worker ant
    46 | D        | Reached XP level 2. HP: 20/29 MP: 1/1
    46 | D        | Reached XP level 3. HP: 25/36 MP: 2/2
    62 | D        | Reached XP level 4. HP: 20/44 MP: 3/3
   120 | D        | Found a glowing silver altar of Zin.
   120 | D        | Found a glowing golden altar of the Shining One.
   120 | D        | Found an ancient bone altar of Kikubaaqudgha.
   120 | D        | Found a basalt altar of Yredelemnul.
   120 | D        | Found a shimmering altar of Xom.
   120 | D        | Found a radiant altar of Vehumet.
   121 | D        | Found an iron altar of Okawaru.
   122 | D        | Found a burning altar of Makhleb.
   123 | D        | Found a deep blue altar of Sif Muna.
   124 | D        | Found a bloodstained altar of Trog.
   125 | D        | Found a sparkling altar of Nemelex Xobeh.
   126 | D        | Found a white marble altar of Elyvilon.
   127 | D        | Found a roughly hewn altar of Beogh.
   128 | D        | Found a viscous altar of Jiyva.
   129 | D        | Found a corrupted altar of Lugonu.
   130 | D        | Found a blossoming altar of Fedhas.
   131 | D        | Found a snail-covered altar of Cheibriados.
   132 | D        | Found a shadowy altar of Dithmenos.
   133 | D        | Found a stormy altar of Qazlal.
   134 | D        | Found an opulent altar of Gozag.
   135 | D        | Found a sacrificial altar of Ru.
   136 | D        | Found an oddly glowing altar of Pakellas.
   137 | D        | Found a hide-covered altar to Ukayaw.
   138 | D        | Found a hazy altar of Hepliaklqana.
   139 | D        | Became a worshipper of Cheibriados the Contemplative
   171 | D        | Noticed a phantom
   171 | D        | Noticed an ogre
   171 | D        | Noticed a yak
   176 | D        | Killed a yak
   176 | D        | Reached skill level 10 in Unarmed Combat
   176 | D        | Reached XP level 5. HP: 36/50 MP: 4/4
   184 | D        | Reached * piety under Cheibriados
   184 | D        | Reached XP level 6. HP: 43/59 MP: 5/5
   194 | D        | Reached ** piety under Cheibriados
   194 | D        | Reached skill level 5 in Dodging
   194 | D        | Reached skill level 5 in Shields
   253 | D        | Noticed a spiny frog
   255 | D        | Reached *** piety under Cheibriados
   258 | D        | Reached XP level 7. HP: 65/66 MP: 6/6
   269 | D        | Reached **** piety under Cheibriados
   269 | D        | Reached skill level 1 in Invocations
   278 | D        | Noticed a deep troll
   278 | D        | a spiny frog changed into a deep troll
   284 | D        | Killed a deep troll
   284 | D        | Reached ***** piety under Cheibriados
   284 | D        | Reached skill level 5 in Fighting
   284 | D        | Reached XP level 8. HP: 43/80 MP: 7/10
   474 | D        | Noticed a komodo dragon
   474 | D        | Noticed a komodo dragon
   478 | D        | Killed a komodo dragon
   478 | D        | Reached skill level 5 in Invocations
   481 | D        | Killed a komodo dragon
   495 | D        | Reached XP level 9. HP: 66/93 MP: 11/13
   500 | D        | Reached ****** piety under Cheibriados
   541 | D        | Noticed a polar bear
   547 | D        | Noticed a spiny frog
   551 | D        | Noticed a spiny frog
   553 | D        | Killed a polar bear
   562 | D        | Killed a spiny frog
   563 | D        | Reached skill level 10 in Dodging
   565 | D        | Killed a spiny frog
   617 | D        | Noticed an elephant
   617 | D        | Noticed an elephant
   617 | D        | Noticed an elephant
   617 | D        | Noticed an elephant
   617 | D        | Noticed an elephant
   617 | D        | Noticed an elephant
   621 | D        | Noticed an elephant
   626 | D        | Killed an elephant
   629 | D        | Killed an elephant
   629 | D        | Reached XP level 10. HP: 100/102 MP: 15/15
   632 | D        | Killed an elephant
   634 | D        | Killed an elephant
   637 | D        | Killed an elephant
   641 | D        | Killed an elephant
   641 | D        | Reached skill level 15 in Unarmed Combat
   643 | D        | Killed an elephant
   647 | D        | Noticed an elephant
   654 | D        | Killed an elephant
   687 | D        | Noticed Erolcha
   693 | D        | Killed Erolcha
   723 | D        | Noticed Erica
   726 | D        | Killed Erica
   800 | D        | Reached XP level 11. HP: 109/109 MP: 16/16
   857 | D        | Noticed an orc high priest
   863 | D        | Killed an orc high priest
   867 | D        | Noticed an orc knight
   885 | D        | Killed an orc knight
   946 | D        | Found Amiagone's Antique Armour Boutique.
   946 | D        | Noticed a hill giant
   946 | D        | Noticed a hill giant
   946 | D        | Noticed a deep troll
   947 | D        | Noticed a hill giant
   951 | D        | Killed a deep troll
   951 | D        | Reached skill level 10 in Shields
   953 | D        | Killed a hill giant
   958 | D        | Killed a hill giant
   962 | D        | Killed a hill giant
   963 | D        | Noticed a stone giant
   964 | D        | Noticed a deep troll
   964 | D        | Found Homuk's Antique Armour Shop.
   971 | D        | Killed a stone giant
   976 | D        | Killed a deep troll
   978 | D        | Found Purr's Antique Weapon Boutique.
   984 | D        | Found Mualac's Jewellery Shop.
   986 | D        | Noticed a deep troll
  1019 | D        | Noticed a hill giant
  1020 | D        | Noticed a hill giant
  1022 | D        | Noticed a deep troll
  1024 | D        | Killed a deep troll
  1027 | D        | Reached skill level 10 in Invocations
  1031 | D        | Killed a hill giant
  1032 | D        | Killed a hill giant
  1034 | D        | Killed a deep troll
  1034 | D        | Reached XP level 12. HP: 118/118 MP: 13/18
  1036 | D        | Bought a shiny large shield for 117 gold pieces
  1073 | D        | Bought a shimmering troll leather armour for 520 gold pieces
  1083 | D        | Identified the +1 troll leather armour "Plog" {rElec Regen+ Int+3} (You bought it in a shop in the Dungeon)
  1087 | D        | Bought a +4 ring of protection for 468 gold pieces
  1087 | D        | Bought an uncursed ring of protection from cold for 325 gold pieces
  1090 | D        | Bought an uncursed ring of protection from magic for 325 gold pieces
  1111 | D        | Noticed Eustachio
  1119 | D        | Killed Eustachio
  1236 | D        | Reached skill level 1 in Armour
  1239 | D        | Noticed a red very ugly thing
  1244 | D        | Noticed a fire dragon
  1248 | D        | Noticed a spark wasp
  1249 | D        | Killed a red very ugly thing
  1251 | D        | Noticed an ettin
  1258 | D        | Noticed an ice dragon
  1261 | D        | Noticed a centaur warrior
  1262 | D        | Killed a fire dragon
  1265 | D        | Killed a spark wasp
  1268 | D        | Noticed a fire dragon
  1269 | D        | Killed an ettin
  1274 | D        | Killed an ice dragon
  1279 | D        | Killed a centaur warrior
  1279 | D        | Reached skill level 5 in Armour
  1289 | D        | Killed a fire dragon
  1333 | D        | Noticed Wiglaf
  1344 | D        | Killed Wiglaf
  1453 | D        | Reached skill level 10 in Fighting
  1469 | D        | Reached XP level 13. HP: 91/135 MP: 19/19
  1527 | D        | Killed a ghost moth
  1547 | D        | Noticed a spark wasp
  1555 | D        | Killed a spark wasp
  1740 | D        | Noticed Kirke
  1749 | D        | Killed Kirke
  1775 | D        | Noticed Donald
  1784 | D        | Killed Donald
  1784 | D        | Reached skill level 15 in Shields
  1888 | D        | Noticed a purple very ugly thing
  1888 | D        | Noticed a vampire knight
  1893 | D        | Noticed a fire giant
  1898 | D        | Killed a purple very ugly thing
  1905 | D        | Killed a vampire knight
  1911 | D        | Reached XP level 14. HP: 70/157 MP: 5/21
  1916 | D        | Noticed a vampire knight
  1916 | D        | Killed a fire giant
  1927 | D        | Killed a vampire knight
  1943 | D        | Reached skill level 15 in Fighting
  1984 | D        | Gained mutation: You are frail. (-10% HP) [mutagenic meat]
  1985 | D        | Gained mutation: Scrolls take you a little longer to read. [mutagenic meat]
  1986 | D        | Gained mutation: You are clumsy. (Dex -2) [mutagenic meat]
  2139 | D        | Reached skill level 15 in Dodging
  2171 | D        | Gained mutation: Potions and wands are less effective at restoring your health. [mutagenic meat]
  2172 | D        | Gained mutation: You have large cloven feet. [mutagenic meat]
  2228 | D        | Noticed Xtahua
  2239 | D        | Killed Xtahua
  2512 | D        | Noticed a greater naga
  2512 | D        | Noticed a greater naga
  2512 | D        | Noticed a greater naga
  2513 | D        | Noticed a greater naga
  2516 | D        | Noticed a greater naga
  2518 | D        | Killed a greater naga
  2522 | D        | Killed a greater naga
  2526 | D        | Killed a greater naga
  2533 | D        | Noticed a greater naga
  2538 | D        | Killed a greater naga
  2540 | D        | Noticed a greater naga
  2545 | D        | Killed a greater naga
  2545 | D        | Reached XP level 15. HP: 73/150 MP: 15/24
  2546 | D        | Killed a greater naga
  2547 | D        | Killed a greater naga
  2555 | D        | Lost mutation: You are frail. (-10% HP) [mutagenic meat]
  2560 | D        | Got a serpentine rune of Zot
  2669 | D        | Noticed Ilsuiw
  2682 | D        | Killed Ilsuiw
  2703 | D        | Reached skill level 10 in Armour
  2749 | D        | Got a barnacled rune of Zot
  2815 | D        | Killed a ghost moth
  2847 | D        | Lost mutation: You have large cloven feet. [mutagenic meat]
  2865 | D        | Got a gossamer rune of Zot
  3037 | D        | Got a decaying rune of Zot
  3097 | D        | Noticed Margery
  3105 | D        | Killed Margery
  3170 | D        | Reached XP level 16. HP: 180/180 MP: 25/25
  3313 | D        | Noticed a titan
  3335 | D        | Noticed a shadow dragon
  3336 | D        | Killed a titan
  3347 | D        | Noticed a shadow dragon
  3364 | D        | Killed a shadow dragon
  3370 | D        | Killed a shadow dragon
  3372 | D        | Reached skill level 27 in Unarmed Combat
  3412 | D        | Gained mutation: Your magical capacity is low. (-10% MP) [mutagenic meat]
  3413 | D        | Gained mutation: Your system is resistant to poisons. (rPois) [mutagenic meat]
  3415 | D        | Lost mutation: Your system is resistant to poisons. (rPois) [mutagenic meat]
  3417 | D        | Gained mutation: Your flesh is heat resistant. (rF+) [mutagenic meat]
  3430 | D        | Identified Wuelugiv's Almanac of Poison and Changing
  3499 | D        | Noticed a shadow dragon
  3499 | D        | Noticed a titan
  3499 | D        | Noticed a titan
  3499 | D        | Noticed a titan
  3499 | D        | Noticed a shadow dragon
  3504 | D        | Killed a shadow dragon
  3507 | D        | Killed a titan
  3511 | D        | Killed a titan
  3512 | D        | Noticed a shadow dragon
  3515 | D        | Killed a titan
  3521 | D        | Killed a shadow dragon
  3535 | D        | Killed a shadow dragon
  3671 | D        | Got a silver rune of Zot
  3680 | D        | Noticed Frederick
  3687 | D        | Killed Frederick
  3687 | D        | Reached XP level 17. HP: 170/202 MP: 19/23
  3734 | D        | Noticed Mara
  3739 | D        | Killed Mara
  3762 | D        | Noticed Louise
  3770 | D        | Killed Louise
  3817 | D        | Got the ring of Mirth {rF+ Str+2}
  3820 | D        | Got the ring "Tyisimmu" {rN+ MP+9 Str-4 Int+6 Dex+2}
  3822 | D        | Got the ring of the Commoners {Ice Str+4 Int-5 Dex+5}
  3825 | D        | Got the ring of Laopp {rElec rN+ MR+ MP-9 EV+3}
  3926 | D        | Noticed Aizul
  3933 | D        | Killed Aizul
  3940 | D        | Noticed Boris
  3949 | D        | Killed Boris
  3951 | D        | Noticed Nikola
  3955 | D        | Killed Nikola
  4040 | D        | Noticed a golden dragon
  4052 | D        | Killed a golden dragon
  4161 | D        | Noticed a tentacled monstrosity
  4185 | D        | Killed a tentacled monstrosity
  4255 | D        | Noticed a tentacled monstrosity
  4255 | D        | Noticed a golden dragon
  4260 | D        | Killed a golden dragon
  4274 | D        | Killed a tentacled monstrosity
  4289 | D        | Reached XP level 18. HP: 226/227 MP: 24/24
  4493 | D        | Noticed an Orb Guardian
  4493 | D        | Noticed an Orb Guardian
  4493 | D        | Noticed an Orb Guardian
  4493 | D        | Noticed an Orb Guardian
  4493 | D        | Noticed an Orb Guardian
  4493 | D        | Noticed an Orb Guardian
  4495 | D        | Killed an Orb Guardian
  4498 | D        | Killed an Orb Guardian
  4500 | D        | Killed an Orb Guardian
  4501 | D        | Noticed an Orb Guardian
  4502 | D        | Killed an Orb Guardian
  4510 | D        | Killed an Orb Guardian
  4513 | D        | Killed an Orb Guardian
  4516 | D        | Killed an Orb Guardian
  4518 | D        | Noticed an Orb Guardian
  4519 | D        | Noticed an Orb Guardian
  4521 | D        | Noticed an Orb Guardian
  4521 | D        | Killed an Orb Guardian
  4521 | D        | Reached skill level 15 in Armour
  4525 | D        | Killed an Orb Guardian
  4531 | D        | Killed an Orb Guardian
  4540 | D        | Noticed a tentacled monstrosity
  4540 | D        | Noticed an Orb Guardian
  4540 | D        | Noticed an Orb Guardian
  4540 | D        | Noticed a curse toe
  4541 | D        | Noticed an Orb Guardian
  4553 | D        | Killed a curse toe
  4553 | D        | Reached skill level 27 in Fighting
  4555 | D        | Noticed an Orb Guardian
  4558 | D        | Killed a tentacled monstrosity
  4559 | D        | Killed an Orb Guardian
  4562 | D        | Killed an Orb Guardian
  4568 | D        | Killed an Orb Guardian
  4569 | D        | Killed an Orb Guardian
  4780 | D        | Noticed an ancient lich
  4792 | D        | Killed an ancient lich
  4804 | D        | Noticed an orb of fire
  4813 | D        | Killed an orb of fire
  4849 | D        | Noticed an electric golem
  4856 | D        | Killed an electric golem
  4856 | D        | Reached skill level 5 in Evocations
  4877 | D        | Noticed a Killer Klown
  4877 | D        | Noticed an ancient lich
  4877 | D        | Noticed an electric golem
  4877 | D        | Noticed a golden dragon
  4877 | D        | Noticed a Killer Klown
  4878 | D        | Noticed an orb of fire
  4881 | D        | Killed a Killer Klown
  4882 | D        | Noticed an orb of fire
  4891 | D        | Killed an ancient lich
  4891 | D        | Reached XP level 19. HP: 245/245 MP: 25/25
  4906 | D        | Killed an orb of fire
  4911 | D        | Gained mutation: Your body sometimes deteriorates upon taking damage. [an orb of fire]
  4919 | D        | Gained mutation: Armour fits poorly on your strangely shaped body. [an orb of fire]
  4921 | D        | Killed an orb of fire
  4921 | D        | Reached skill level 10 in Evocations
  4926 | D        | Killed a golden dragon
  4940 | D        | Killed an electric golem
  4955 | D        | Killed a Killer Klown
  5064 | D        | Noticed an ancient lich
  5069 | D        | Noticed an ancient lich
  5080 | D        | Killed an ancient lich
  5087 | D        | Killed an ancient lich
  5096 | D        | Lost mutation: Your flesh is heat resistant. (rF+) [potion of cure mutation]
  5096 | D        | Lost mutation: Your magical capacity is low. (-10% MP) [potion of cure mutation]
  5096 | D        | Lost mutation: Your body sometimes deteriorates upon taking damage. [potion of cure mutation]
  5267 | D        | Noticed an ancient lich
  5267 | D        | Noticed an ancient lich
  5267 | D        | Noticed an ancient lich
  5271 | D        | Killed an ancient lich
  5271 | D        | Reached XP level 20. HP: 253/256 MP: 29/29
  5277 | D        | Killed an ancient lich
  5280 | D        | Noticed an ancient lich
  5282 | D        | Noticed a Tzitzimitl
  5283 | D        | Killed an ancient lich
  5289 | D        | Paralysed by something for 5 turns
  5299 | D        | Paralysed by something for 4 turns
  5300 | D        | HP: 11/256 [???[an ancient lich] (9)]
  5304 | D        | Slain by a vampire knight

Vault maps used:
D:        linesprint

Skill      XL: |  1  2  3  4  5  6  7  8  9 10 11 12 13 14 15 16 17 18 19 20 |
---------------+-------------------------------------------------------------+-----
Unarmed Combat | 6 9 10 12 14 16 19 21 22 25 27 | 27.0
Dodging        | 4 5 7 8 10 11 12 13 16 17 18 23 24 26 | 26.5
Shields        | 4 5 7 9 11 12 15 19 20 24 | 24.6
Fighting       | 5 7 10 14 15 16 20 24 27 | 27.0
Invocations    | 4 6 8 10 11 14 | 14.2
Armour         | 5 7 13 14 19 23 24 | 24.3
Evocations     | 8 13 | 13.5

Action                   |  1- 3 |  4- 6 |  7- 9 | 10-12 | 13-15 | 16-18 | 19-21 || total
-------------------------+-------+-------+-------+-------+-------+-------+-------++-------
Melee: Unarmed           |    41 |    24 |    82 |   193 |   426 |   508 |   152 ||  1426
       Kick              |       |       |       |       |    75 |       |       ||    75
Invok: Temporal Distorti |       |       |       |     3 |     1 |     3 |       ||     7
       Slouch            |       |       |       |     6 |     6 |     1 |       ||    13
Evoke: Wand              |       |       |       |       |     6 |       |       ||     6
  Use: Potion            |     1 |       |     2 |       |     3 |     3 |     7 ||    16
       Scroll            |       |       |       |     1 |     2 |     4 |       ||     7
 Stab: Sleeping          |       |       |       |     1 |       |       |       ||     1
       Distracted        |       |       |       |       |     1 |     1 |       ||     2
       Confused          |       |       |       |       |       |     1 |       ||     1
  Eat: Chunk             |     2 |     6 |     2 |     6 |    18 |    17 |     2 ||    53
Armor: Robe              |     7 |     1 |     5 |     3 |       |       |       ||    16
       Troll leather arm |       |       |       |     5 |    16 |       |       ||    21
       Swamp dragon armo |       |       |       |       |    27 |     9 |       ||    36
       Shadow dragon arm |       |       |       |       |       |    24 |       ||    24
       Gold dragon armou |       |       |       |       |       |    14 |    49 ||    63
Dodge: Dodged            |     7 |     5 |    23 |    60 |   141 |   106 |    49 ||   391
Block: Shield            |    10 |     8 |    40 |    33 |       |       |       ||    91
       Large shield      |       |       |       |    60 |   370 |   294 |   119 ||   843
       Reflection        |       |       |       |     1 |    21 |    14 |     1 ||    37
